 Dungeon Crawl Stone Soup version 0.27-a0-1555-g0e7b3fb1d2 (webtiles) character file.

Game seed: 3216383424820836523

158 WhootySlayer the Cutter (level 5, 0/35 HPs)
             Began as a Kobold Berserker on July 14, 2021.
             Was a Believer of Trog.
             Slain by an orc (4 damage)
             ... on level 3 of the Dungeon.
             The game lasted 00:04:59 (2980 turns).

WhootySlayer the Cutter (Kobold Berserker)          Turns: 2980, Time: 00:05:00

Health: 0/35       AC:  8    Str: 16    XL:     5   Next: 67%
Magic:  5/5        EV:  9    Int:  8    God:    Trog [**....]
Gold:   89         SH:  0    Dex: 14    Spells: 4/4 levels left

rFire    . . .     SeeInvis .   a - +0 short sword
rCold    + . .     Faith    .   (shield restricted)
rNeg     . . .     Spirit   .   e - +0 chain mail {rC+}
rPois    .         Reflect  .   (no helmet)
rElec    .         Harm     .   (no cloak)
rCorr    .         Rampage  .   (no gloves)
Will     .....                  (no boots)
Stlth    ..........             (no amulet)
HPRegen  0.11/turn              (no ring)
MPRegen  0.09/turn              (no ring)

@: on berserk cooldown, slowed, very slow
A: small, no large weapons, nightstalker 3
a: Renounce Religion, Berserk, Trog's Hand


You were on level 3 of the Dungeon.
You worshipped Trog.
Trog was pleased with you.
You visited 1 branch of the dungeon, and saw 3 of its levels.

You collected 89 gold pieces.

Inventory:

Hand Weapons
 a - a +0 short sword (weapon)
Armour
 b - a +0 animal skin
 c - a +0 kite shield
 e - a +0 chain mail of cold resistance (worn)
Jewellery
 l - a ring of see invisible
Scrolls
 d - a scroll of fear {unknown}
 g - 3 scrolls of teleportation {unknown}
 h - a scroll of enchant weapon {unknown}
 i - 2 scrolls of identify {unknown}
 j - a scroll of enchant armour {unknown}
 m - a scroll of magic mapping {unknown}
Potions
 f - 2 potions of curing {unknown}
 k - 2 potions of heal wounds {unknown}
 n - a potion of flight {unknown}


   Skills:
 + Level 5.1 Fighting
 + Level 6.2 Short Blades
 - Level 1.5 Armour
 - Level 2.4 Dodging


You had 4 spell levels left.
You didn't know any spells.
Your spell library was empty.

Dungeon Overview and Level Annotations

Branches:
Dungeon (3/15)

Altars:

Annotations:
D:3 1 transporter, DocClef's ghost, amateur GnDe


Innate Abilities, Weirdness & Mutations

You are small and have problems with some larger weapons.
You are completely attuned to the shadows.


Message History

The puff of flame hits you. Something hits you.
You closely miss something.
Something hits you but does no damage. x2
You miss something. Something hits you but does no damage.
You barely miss something.
You hear some strange, mumbled words.
A magic dart appears from out of thin air!
The magic dart hits you but does no damage.
You miss something. Something hits you but does no damage.
You miss something. Something hits you but does no damage.
You closely miss something.
Something hits you but does no damage. x2
You hit something. Trog accepts your kill.
Trog appreciates your killing of a magic user.
Reactivating autopickup.
You feel a bit more experienced. The orc hits you but does no damage.
You closely miss the orc.
The orc is severely wounded.
The orc barely misses you.
You hit the orc.
The orc is almost dead.
The orc closely misses you.
You barely miss the orc.
The orc is almost dead.
The orc hits you with a +0 flail.
You hit the orc.
You kill the orc!
Trog accepts your kill.
You hit the orc but do no damage. The orc closely misses you.
You barely miss the orc. The orc hits you but does no damage.
You hit the orc but do no damage. The orc hits you with a +0 hand axe.
* * * LOW HITPOINT WARNING * * *
You hit the orc.
The orc is moderately wounded.
The orc hits you with a +0 hand axe.
* * * LOW HITPOINT WARNING * * *
You barely miss the orc.
The orc is moderately wounded.
The orc hits you with a +0 hand axe.
You die...

##.##.######
##.#.# .#
#...#.# #.#..
......# ......#
......# #...
......# ##....
##.##.## ##.....
#.#...####......
#......@ooo.....
#.#...####......
#.##.## ##.....
### ##.... #...


You could see 3 orcs.

Vanquished Creatures
  3 orc wizards (D:3)
  2 adders (D:3)
  3 worms (D:3)
  A dart slug (D:2)
  3 orcs (D:3)
  2 endoplasms
  3 giant cockroaches (D:1)
  6 goblins
  6 hobgoblins
  3 jackals (D:2)
  8 kobolds
  2 quokkas
  2 ball pythons
  2 bats (D:1)
  2 frilled lizards
  4 rats
52 creatures vanquished.

Notes
Turn   | Place    | Note
-------+----------+-------------------------------------------
     0 | D:1      | WhootySlayer the Kobold Berserker began the quest for the
                  | Orb.
     0 | D:1      | Reached XP level 1. HP: 14/14 MP: 1/1
   235 | D:1      | Reached XP level 2. HP: 19/19 MP: 2/2
   865 | D:2      | Reached XP level 3. HP: 20/24 MP: 3/3
  1123 | D:2      | Reached ** piety under Trog
  1310 | D:2      | Found a faded altar of an unknown god.
  1475 | D:2      | Reached skill level 5 in Short Blades
  1888 | D:3      | Identified the +5 great mace of the Butterfly {vorpal,
                  | rElec rPois Will- Str+7}
  1888 | D:3      | Noticed an ogre
  1889 | D:3      | Noticed DocClef's ghost (amateur GnDe)
  1891 | D:3      | Found a transporter.
  2105 | D:3      | Reached XP level 4. HP: 30/30 MP: 4/4
  2945 | D:3      | Reached XP level 5. HP: 34/34 MP: 5/5
  2948 | D:3      | Reached skill level 5 in Fighting
  2948 | D:3      | Reached skill level 6 in Short Blades
  2980 | D:3      | Slain by an orc

Illustrated notes

Levels and vault maps discovered:
D:1:      minmay_arrival_three_doors, layout_loops_cross,
          chequers_serial_rivers_small_a
D:2:      layout_basic, ebering_ecumenical_altar_box
D:3:      layout_loops_corners, gammafunk_ghost_smash, chequers_mini_garden,
          kennysheep_generic_room_4

Skill      XL: |  1  2  3  4  5 |
---------------+----------------+-----
Fighting       | 4 5 |  5.1
Short Blades   | 5 6 |  6.2
Armour         | |  1.5
Dodging        | |  2.4

Action                   |  1- 3 |  4- 6 || total
-------------------------+-------+-------++-------
Melee: Short sword       |   143 |    93 ||   236
Invok: Berserk           |     1 |     1 ||     2
       Trog's Hand       |       |     1 ||     1
 Stab: Sleeping          |     7 |       ||     7
Armor: Animal skin       |     3 |       ||     3
       Chain mail        |    43 |    40 ||    83
Dodge: Dodged            |    53 |    27 ||    80

Table legend: (Time is in decaauts)
 A = Elapsed time spent in this place.
 B = Non-inter-level travel time spent in this place.
 C = Inter-level travel time spent in this place.
 D = Time resting spent in this place.
 E = Time spent auto-exploring this place.
 F = Levels seen in this place.
 G = Mean time per level.
                   A        B        C        D        E       F      G
               +--------+--------+--------+--------+--------+-----+--------+
         Total |   2958 |   2913 |     45 |    127 |   2389 |   3 |  986.0 |
       Dungeon |   2958 |   2913 |     45 |    127 |   2389 |   3 |  986.0 |
               +--------+--------+--------+--------+--------+-----+--------+

Top non-repeatable levels by time:
     D:3: 1442 daAuts
     D:1: 847 daAuts
     D:2: 668 daAuts
